 Dungeon Crawl Stone Soup version 0.29-a0-416-g83a48905f1 (webtiles) character file.

Game seed: 18393901177873457752

360648 zishaf the Intangible (level 21, 0/113 HPs)
             Began as a Spriggan Hunter on May 13, 2022.
             Was the Champion of Hepliaklqana.
             Killed from afar by a living spell (49 damage)
             ... with an iceblast
             ... summoned by a walking frostbound tome
             ... on level 3 of the Depths on May 16, 2022.
             The game lasted 03:06:30 (54753 turns).

zishaf the Intangible (Spriggan Hunter)            Turns: 54753, Time: 03:06:30

Health: 0/113      AC: 11    Str:  7    XL:     21   Next: 48%
Magic:  29/29      EV: 66    Int:  8    God:    Hepliaklqana [******]
Gold:   3804       SH:  0    Dex: 35    Spells: 20/30 levels left

rFire   + + .      SeeInvis +   a - +9 fustibalus (flame)
rCold   + . .      Faith    .   (shield currently unavailable)
rNeg    + . .      Spirit   .   G - +0 steam dragon scales
rPois   +          Reflect  .   b - +2 hood of the Assassin {Detection Stab+ Stlth++}
rElec   .          Harm     .   r - +2 cloak of the Solstice {Rampage Dex+2 SInv}
rCorr   .          Rampage  +   (gloves unavailable)
Will    +++++      Clarity  +   (boots unavailable)
Stlth   ++++++....              e - amulet of the Four Winds {rN+ Will+++ Clar}
HPRegen 0.28/turn               O - ring of the Moon {rF+ rC+ Int-3 Dex+6}
MPRegen 0.21/turn               T - ring "Urpharaiw" {rF+ EV+4 Stlth+}

@: studying 2 skills, very quick
A: reduced essence, very small, no large weapons, unfitting armour, see
invisible, speed 3, clarity, clumsy 1, poison resistance, MP-powered wands
}: 2/15 runes: serpentine, barnacled
a: Renounce Religion, Recall Ancestor, Ancestor Identity, Transference, Idealise


You were on level 3 of the Depths.
You worshipped Hepliaklqana.
Hepliaklqana was exalted by your worship.
You visited 8 branches of the dungeon, and saw 39 of its levels.
You also visited: Trove, Ossuary, Gauntlet, Ice Cave, Volcano and Wizlab.

You collected 6260 gold pieces.
You spent 2456 gold pieces at shops.

Inventory:

Hand Weapons
 a - a +9 fustibalus of flaming (weapon)
 f - the +11 hunting sling of Dyhesite {freeze, Str+6}
   (You bought it in a shop on level 2 of the Orcish Mines)

   Any ammunition fired from it freezes those it strikes, dealing additional
   cold damage.
   It can also slow down cold-blooded creatures.
   Str:       It affects your strength (+6).
 K - the +11 rapier "Nesyih" {flame, rElec rF+}
   (You bought it in a shop on level 2 of the Orcish Mines)

   It burns those it strikes, dealing additional fire damage.
   rF:        It protects you from fire.
   rElec:     It insulates you from electricity.
Armour
 b - the +2 hood of the Assassin (worn) {Detection Stab+ Stlth++}
   (You found it in a treasure trove)

   It allows the wearer to sense nearby creatures.
   It allows the wearer to make particularly effective stabbing attacks against
   helpless or unaware enemies with any weapon.
   Stlth:     It makes you much more stealthy.
 r - the +2 cloak of the Solstice (worn) {Rampage Dex+2 SInv}
   (You found it in a Gauntlet)

   Dex:       It affects your dexterity (+2).
   SInv:      It lets you see invisible.
   Rampage:   It bestows one free step when moving towards enemies.
 G - +0 steam dragon scales (worn)
Jewellery
 d - the ring "Tumuexze" {Will+ Dex+4 Slay+2}
   (You found it on level 2 of the Depths)

   [ring of willpower]

   Dex:       It affects your dexterity (+4).
   Slay:      It affects your accuracy & damage with ranged weapons and melee
   (+2).
   Will:      It increases your willpower.
 e - the amulet of the Four Winds (around neck) {rN+ Will+++ Clar}
   (You bought it in a shop on level 7 of the Dungeon)

   [amulet of nothing]

   rN:        It protects you from negative energy.
   Clar:      It protects you against confusion.
   Will:      It greatly increases your willpower.
 p - the ring of Lalius {+Blink EV+4}
   (You found it in a treasure trove)

   [ring of evasion]

   EV:        It affects your evasion (+4).
   +Blink:    It lets you blink.
 M - the ring "Cuirur" {rElec rPois rN+ Will+}
   (You took it off a deep elf demonologist on level 3 of the Elven Halls)

   [ring of willpower]

   rElec:     It insulates you from electricity.
   rPois:     It protects you from poison.
   rN:        It protects you from negative energy.
   Will:      It increases your willpower.
 N - the ring of the Transparent Tomato {*Corrode rC+ EV+4 Dex+4}
   (You found it on level 3 of the Snake Pit)

   [ring of evasion]

   EV:        It affects your evasion (+4).
   Dex:       It affects your dexterity (+4).
   rC:        It protects you from cold.
   *Corrode:  It may corrode you when you take damage.
 O - the ring of the Moon (left hand) {rF+ rC+ Int-3 Dex+6}
   (You found it on level 3 of the Snake Pit)

   [ring of dexterity]

   Int:       It affects your intelligence (-3).
   Dex:       It affects your dexterity (+6).
   rF:        It protects you from fire.
   rC:        It protects you from cold.
 T - the ring "Urpharaiw" (right hand) {rF+ EV+4 Stlth+}
   (You bought it in a shop on level 2 of the Elven Halls)

   [ring of evasion]

   EV:        It affects your evasion (+4).
   rF:        It protects you from fire.
   Stlth:     It makes you more stealthy.
Wands
 k - a wand of acid (25)
 u - a wand of polymorph (31)
 w - a wand of flame (28)
 B - a wand of mindburst (23)
 D - a wand of digging (12)
 J - a wand of charming (8)
 Q - a wand of iceblast (34)
 X - a wand of paralysis (11)
Scrolls
 c - 2 scrolls of immolation
 i - a scroll of enchant armour
 l - 8 scrolls of magic mapping
 x - 8 scrolls of fog
 y - 15 scrolls of teleportation
 z - a scroll of brand weapon
 A - 2 scrolls of silence
 F - 4 scrolls of poison
 H - 7 scrolls of enchant weapon
 L - 6 scrolls of blinking
 U - 2 scrolls of fear
Potions
 g - 7 potions of ambrosia
 h - 5 potions of magic
 j - 9 potions of haste
 m - 2 potions of resistance
 n - 19 potions of curing
 o - 8 potions of brilliance
 q - 8 potions of heal wounds
 s - 2 potions of might
 t - 8 potions of lignification
 v - 9 potions of flight
 E - a potion of invisibility
 I - 4 potions of cancellation
 W - 5 potions of mutation
 Z - 3 potions of berserk rage
Miscellaneous
 C - a lightning rod (4/4)
 P - a tin of tremorstones (2/2)
 R - a phial of floods
 S - a phantom mirror
 V - a box of beasts
 Y - a condenser vane


   Skills:
 + Level 19.3 Fighting
 - Level 18.0 Slings
 + Level 7.3 Armour
 O Level 27 Dodging
 - Level 1.5 Stealth
 - Level 0.4 Shields
 + Level 5.2 Spellcasting
 + Level 16.3 Translocations
 - Level 8.0 Invocations
 + Level 15.3 Evocations


You had 20 spell levels left.
You knew the following spells:

 Your Spells              Type           Power      Damage    Failure   Level
a - Dispersal             Tloc           14%        N/A       4%          6
b - Passage of Golubria   Tloc           28%        N/A       1%          4

Your spell library contained the following spells:

 Spells                   Type           Power      Damage    Failure   Level
 Apportation              Tloc           56%        N/A       1%          1
 Gell's Gravitas          Tloc           28%        N/A       1%          3
 Lesser Beckoning         Tloc           28%        N/A       1%          3
 Teleport Other           Tloc           28%        N/A       1%          3
 Iskenderun's Mystic Bla  Conj/Tloc      15%        2d5       9%          4
 Pain                     Necr           8%         1d4       26%         1
 Sandblast                Erth           4%         2d4       26%         1
 Shock                    Conj/Air       8%         1d3       26%         1
 Slow                     Hex            8%         N/A       26%         1
 Corpse Rot               Necr/Air       4%         N/A       36%         2
 Passwall                 Tmut/Erth      1%         N/A       36%         2
 Poisonous Vapours        Pois/Air       4%         N/A       36%         2
 Scorch                   Fire           4%         2d5       36%         2
 Static Discharge         Conj/Air       2%         N/A       36%         2
 Confusing Touch          Hex            2%         N/A       61%         3
 Conjure Flame            Conj/Fire      2%         6-21      61%         3
 Dazzling Flash           Conj/Hex       4%         N/A       61%         3
 Frozen Ramparts          Ice            4%         1d2       61%         3
 Ignite Poison            Fire/Tmut/Pois 2%         N/A       61%         3
 Mephitic Cloud           Conj/Pois/Air  2%         N/A       61%         3
 Stone Arrow              Conj/Erth      4%         3d7       61%         3
 Summon Guardian Golem    Hex/Summ       2%         N/A       61%         3
 Swiftness                Air            2%         N/A       61%         3
 Vampiric Draining        Necr           2%         2d6       61%         3
 Disjunction              Tloc           14%        N/A       90%         8
 Airstrike                Air            1%         N/A       95%         4
 Animate Armour           Summ/Erth      4%         N/A       95%         4
 Flame Wave               Conj/Fire      2%         2d4       95%         4
 Fulminant Prism          Conj/Hex       1%         3d6       95%         4
 Hailstorm                Conj/Ice       2%         3d3       95%         4
 Ice Form                 Ice/Tmut       2%         N/A       95%         4
 Olgreb's Toxic Radiance  Pois           2%         N/A       95%         4
 Sticky Flame             Conj/Fire      2%         2d3       95%         4
 Summon Ice Beast         Ice/Summ       2%         N/A       95%         4
 Agony                    Necr           2%         N/A       100%        5
 Alistair's Intoxication  Tmut/Pois      1%         N/A       100%        5
 Excruciating Wounds      Necr           1%         N/A       100%        5
 Freezing Cloud           Conj/Ice/Air   1%         6-21      100%        5
 Iskenderun's Battlesphe  Conj           2%         2d6       100%        5
 Lee's Rapid Deconstruct  Erth           1%         3d5*      100%        5
 Lightning Bolt           Conj/Air       1%         1d12      100%        5
 Silence                  Hex/Air        1%         N/A       100%        5
 Iron Shot                Conj/Erth      1%         9d1       100%        6
 Simulacrum               Ice/Necr       1%         N/A       100%        6
 Starburst                Conj/Fire      1%         6d3       100%        6
 Statue Form              Tmut/Erth      1%         N/A       100%        6
 Summon Cactus Giant      Summ           1%         N/A       100%        6
 Orb of Destruction       Conj           1%         9d5       100%        7
 Ozocubu's Refrigeration  Ice            1%         4d5       100%        7
 Spellforged Servitor     Conj/Summ      1%         N/A       100%        7
 Storm Form               Tmut/Air       1%         N/A       100%        7
 Borgnjor's Revivificati  Necr           1%         N/A       100%        8
 Ignition                 Fire           1%         3d3       100%        8
 Lehudib's Crystal Spear  Conj/Erth      1%         10d2      100%        8
 Maxwell's Capacitive Co  Air            1%         ∞         100%        8
 Necromutation            Tmut/Necr      1%         N/A       100%        8
 Chain Lightning          Conj/Air       1%         3d1       100%        9
 Death's Door             Necr           1%         N/A       100%        9
 Fire Storm               Conj/Fire      1%         7d1       100%        9
 Polar Vortex             Ice            1%         N/A       100%        9
 Shatter                  Erth           1%         3d5*      100%        9


Dungeon Overview and Level Annotations

Branches:
Dungeon (15/15)            Temple (1/1) D:4            Lair (6/6) D:8
 Shoals (4/4) Lair:3        Snake (4/4) Lair:3        Slime (0/5) Lair:5
    Orc (2/2) D:9             Elf (3/3) Orc:2        Vaults (0/5) D:14
 Depths (4/4) D:15        Ossuary (visited)           IceCv (visited)
Volcano (visited)          WizLab (visited)         Gauntlet (visited)
    Zot: Depths:4

Altars:
Ashenzari
Cheibriados
Elyvilon
Fedhas
Gozag
Hepliaklqana
Kikubaaqudgha
Makhleb
Nemelex Xobeh
Okawaru
Qazlal
Sif Muna
Trog
Uskayaw
Vehumet
Wu Jian
Xom
Yredelemnul
Zin
The Shining One
Beogh

Shops:
D:5 (   D:7 =?=!   Orc:1 *   Orc:2 *(*[   Elf:2 =(   Shoals:2 *

Portals:
Hell: Depths:1 Depths:2
Abyss: Depths:3
Pandemonium: Depths:1 Depths:2
Ziggurat: Depths:2


Innate Abilities, Weirdness & Mutations

Your life essence is reduced to manifest your ancestor. (-10% HP)
You are very small and have problems with some larger weapons.
You are too small for most types of armour.
You have supernaturally acute eyesight. (SInv)
You cover ground extremely quickly. (Speed+++)
You possess an exceptional clarity of mind.
You are clumsy. (Dex -2)
Your system is resistant to poisons. (rPois)
You expend magic power (3 MP) to strengthen your wands.


Message History

The walking frostbound tome erupts in a flurry of living spells!
You shoot a sling bullet.
The sling bullet hits the walking frostbound tome!!
The sling bullet burns the walking frostbound tome!!
The walking frostbound tome is severely damaged.
The walking frostbound tome erupts in a flurry of living spells!
You shoot a sling bullet.
The sling bullet hits the living spell!!
The sling bullet burns the living spell.
You destroy the living spell!
The walking frostbound tome erupts in a flurry of living spells!
You shoot a sling bullet.
The sling bullet hits the living spell!!
The sling bullet burns the living spell.
You destroy the living spell!
The living spell casts itself at you.
The mass of ice explodes!
The iceblast engulfs you!! You partially resist.
The iceblast engulfs the plant!!!
The plant begins to die.
The iceblast engulfs Wilfreda!!
Wilfreda partially resists.
Wilfreda hits the floating eye with a +0 broad axe of flaming!
Wilfreda burns the floating eye.
You hear a shout!
There is an open door here.
You shoot a sling bullet. The sling bullet hits the floating eye!
The sling bullet burns the floating eye.
You kill the floating eye!
The walking frostbound tome erupts in a flurry of living spells!
A sphinx comes into view.
Wilfreda completely misses the living spell.
You shoot a sling bullet.
The sling bullet barely misses the living spell.
The sling bullet hits the living spell.
The sling bullet burns the living spell.
The living spell is severely damaged.
The living spell casts itself at you.
The mass of ice explodes!
The iceblast engulfs you!! You partially resist.
The living spell casts itself at you.
The mass of ice explodes!
The iceblast engulfs you!!! You partially resist.
You die...

# . #### ####+###^###.###...
.. #................H ...
#...<.#######.. . ####..#
#.....#P*;*P#.#.# ###. ....#
#.....#.###.#.#.# #..##.#..#
#.....#.+$#R'...# #.. #....#
#.....#.###.#@#..^##.##.....##
#.....#P...P#.#.#.#..#.#.#...#
#.....#######.#.#.....#R.#....
#..............#.#...##..#..#
#.....#.#.####..#.#..#..#.#.##
#.....##.#.#.#?..#.#.###.)#...
#.........).#####.#.#####...#.
#.....####...##.#.#.#.###.#...
#))....##.####..##.##..#.##..)


You could see the friendly Wilfreda the knight, a walking frostbound tome, a
sphinx and 2 living spells.

Vanquished Creatures
  A juggernaut (Depths:2)
  A Head Instructor (WizLab)
  Nikola (Shoals:2)
  A lich (Depths:2)
  An Ice Fiend (IceCv)
  A walking crystal tome (Depths:2)
  A quicksilver dragon (WizLab)
  3 deep elf blademasters (Elf:3)
  The ghost of royokou the Eclecticist, an adept DECj of Vehumet (Snake:3)
  2 sphinxes
  Roxanne (D:14)
  A tengu reaver (Depths:2)
  Donald (Shoals:3)
  5 nagarajas (Snake:4)
  2 draconian knights (WizLab)
  An iron dragon (Depths:2)
  3 deep elf sorcerers (Elf:3)
  2 frost giants
  2 fire giants (Depths:2)
  Louise (Snake:1)
  An orc warlord (Orc:2)
  3 deep elf elementalists
  A spriggan defender (Depths:2)
  8 very ugly things
  6 stone giants
  2 vampire knights
  5 deep elf demonologists
  A red draconian (Volcano)
  6 deep elf annihilators
  2 minotaurs
  Snorg (D:14)
  3 deep elf death magi
  2 dire elephants (Lair:6)
  3 spark wasps
  The ghost of Mamabe the Carver, a journeyman FoAK of Lugonu (Lair:1)
  5 merfolk javelineers
  2 jiangshi (Depths:2)
  4 ettins
  5 merfolk impalers
  2 deep elf high priests (Elf:3)
  2 fire dragons
  Josephine (D:14)
  2 salamander tyrants
  A vault guard (D:14)
  2 ice dragons
  2 rakshasas (Depths:2)
  5 hydras
  2 spriggan air magi
  4 merfolk avatars
  5 centaur warriors
  2 boulder beetles
  9 anacondas
  6 two-headed ogres
  The ghost of PRIMUS the Fighter, a novice PaFi of Trog (D:9)
  A satyr (Shoals:4)
  An ogre mage (D:15)
  4 merfolk aquamancers (Shoals:4)
  An alligator snapping turtle (Shoals:2)
  35 dancing weapons
  The ghost of zeratav the Markstengu, a journeyman TeHu of Dithmenos (Orc:2)
  3 tengu warriors
  6 death yaks
  10 naga warriors
  2 deep troll earth magi
  2 vampire magi
  4 deep troll shamans
  2 hell hogs (Depths:2)
  3 spriggan berserkers
  A spectral dire elephant (Lair:6)
  5 shock serpents
  10 naga sharpshooters
  2 orc high priests
  14 deep elf knights
  4 iron trolls
  11 slime creatures
  A sixfirhy (Gauntlet)
  A salamander mystic (Snake:4)
  9 deep trolls
  3 spriggan simulacra (IceCv)
  A flayed ghost (Depths:2)
  7 sea snakes
  4 naga ritualists
  6 deep elf archers
  3 wizards
  A bog body (IceCv)
  11 harpies
  2 glowing orange brains (Depths:2)
  2 necromancers (Lair:6)
  A lindwurm (Lair:6)
  3 orc knights (Orc:2)
  19 deep elf zephyrmancers
  23 deep elf pyromancers
  15 manticores
  8 mana vipers
  14 ugly things
  4 orc sorcerers
  An oklob plant (Shoals:3)
  4 fauns
  A wolf spider (Lair:6)
  6 cyclopes
  14 salamanders
  2 will-o-the-wisps (D:15)
  2 moths of wrath (Lair:1)
  10 elephants
  Joseph (D:9)
  2 dire elephant zombies (Lair:6)
  4 large abominations (D:12)
  6 merfolk sirens
  8 guardian serpents
  18 black mambas
  10 naga magi
  4 cane toads
  A water nymph (Shoals:2)
  3 komodo dragons
  A rime drake (Lair:5)
  2 kobold demonologists
  6 ice devils (IceCv)
  3 tengu conjurers
  5 freezing wraiths
  An unseen horror (D:11)
  A yaktaur (D:15)
  2 anaconda simulacra (IceCv)
  2 entropy weaver simulacra (IceCv)
  5 trolls
  A queen bee (shapeshifter) (Elf:3)
  19 merfolk
  5 wind drakes
  4 hornets
  A raiju (shapeshifter) (D:14)
  A spectral naga (Snake:3)
  3 blink frogs (Lair:4)
  6 dream sheep
  5 snapping turtles
  A dream sheep (shapeshifter) (Depths:4)
  2 air elementals (Elf:2)
  Sigmund (D:2)
  8 spriggans
  33 yaks
  2 shadows (Gauntlet)
  12 water elementals
  5 wraiths
  A fire elemental (Elf:1)
  2 wyverns
  A vampire (D:10)
  5 basilisks
  8 humans (D:14)
  A steam dragon (Lair:2)
  2 fire bats (Volcano)
  3 vampire mosquitoes
  2 wargs (Orc:2)
  Menkaure (D:6)
  5 minotaur simulacra (IceCv)
  33 nagas
  2 acid dragons
  A spectral cane toad (Lair:6)
  A hydra simulacrum (IceCv)
  A floating eye (Depths:3)
  2 guardian serpent simulacra (Snake:3)
  9 water moccasins
  An elephant zombie (Lair:6)
  22 orc warriors
  2 sky beasts (D:7)
  7 ogres
  An alligator simulacrum (IceCv)
  3 black bears
  12 wolves
  2 black mamba simulacra (Snake:3)
  3 elephant skeletons (Lair:6)
  5 centaurs
  5 kobold brigands
  11 bullfrogs
  A scorpion (D:8)
  A necrophage (D:8)
  A gnoll sergeant (D:6)
  A cane toad simulacrum (Lair:6)
  3 deep troll simulacra (IceCv)
  A water moccasin zombie (Ossuary)
  4 earth elementals
  5 wights
  5 small abominations (D:12)
  2 lindwurm simulacra (IceCv)
  2 killer bees (D:8)
  An elephant simulacrum (Lair:6)
  An electric eel (Lair:4)
  6 lava snakes
  6 howler monkeys
  5 jellies (Lair:4)
  16 orc priests
  A hound (D:5)
  22 orc wizards
  A statue (D:6)
  2 mummies (Ossuary)
  12 gnolls
  8 adders
  A shadow imp (D:5)
  3 white imps
  4 ufetubi (Gauntlet)
  4 adder zombies (Ossuary)
  3 worms
  2 dart slugs
  67 orcs
  6 ball pythons
  5 endoplasms
  2 giant cockroaches
  6 goblins
  6 hobgoblins
  3 jackals (D:1)
  3 quokkas
  3 bats
  2 frilled lizards
  3 gnoll zombies (Ossuary)
  4 hobgoblin zombies (Ossuary)
  14 kobolds
  6 kobold zombies (Ossuary)
  3 orc zombies (Ossuary)
  2 rats
  A spectral orc (D:10)
1047 creatures vanquished.

Vanquished Creatures (collateral kills)
  A juggernaut (Depths:2)
  Vashnia (Snake:4)
  A walking crystal tome (Depths:4)
  A titan (Depths:1)
  Agnes (Snake:1)
  A sphinx (Depths:4)
  2 tengu reavers
  2 nagarajas
  2 storm dragons (Depths:2)
  A fire giant (Depths:1)
  2 frost giants (Depths:3)
  Aizul (Snake:3)
  2 deep elf sorcerers
  2 deep elf elementalists
  A quicksilver ooze (Lair:4)
  The ghost of Psyclone the Destroyer, a journeyman OpFE of Gozag (Lair:4)
  4 very ugly things
  A vampire knight (WizLab)
  2 stone giants
  2 deep elf annihilators (Elf:3)
  A merfolk impaler (Shoals:4)
  2 fire dragons (Depths:4)
  4 ettins
  2 merfolk javelineers
  2 deep elf high priests (Elf:3)
  A boulder beetle (D:14)
  2 vault guards (D:14)
  A hydra (Lair:4)
  A hell beast (Depths:2)
  4 anacondas
  2 ice dragons
  An alligator snapping turtle (Shoals:3)
  A merfolk avatar (Shoals:1)
  2 two-headed ogres
  4 spriggan air magi
  A merfolk aquamancer (Shoals:4)
  The ghost of snetch the Basher, a novice MiBe of Trog (D:9)
  4 naga warriors
  A two-headed ogre (shapeshifter) (D:14)
  3 death yaks
  9 dancing weapons
  3 deep troll earth magi
  3 deep troll shamans
  4 orc high priests
  3 tengu warriors
  3 spriggan berserkers
  A vampire mage (Depths:2)
  A shock serpent (Snake:2)
  5 deep elf knights
  2 naga sharpshooters
  2 spriggans
  3 soul eaters
  3 iron trolls
  3 naga ritualists (Snake:4)
  5 sea snakes
  A flayed ghost (Depths:4)
  A spectral anaconda (Lair:6)
  3 salamander mystics (WizLab)
  A spectral death yak (Lair:6)
  2 deep trolls (Depths:1)
  A wizard (WizLab)
  4 harpies
  A glowing orange brain (Depths:1)
  2 obsidian statues
  An orc knight (Orc:1)
  7 deep elf zephyrmancers
  A necromancer (Lair:6)
  7 deep elf archers
  3 spriggan simulacra (IceCv)
  A mana viper (WizLab)
  2 orc sorcerers (Orc:2)
  3 fauns (Shoals:1)
  7 deep elf pyromancers
  9 ugly things
  2 manticores
  2 salamanders (Snake:1)
  A cyclops (Shoals:2)
  4 merfolk sirens
  3 guardian serpents
  4 naga magi
  An ice statue (Gauntlet)
  9 black mambas
  6 elephants
  A gargoyle (D:14)
  A torpor snail (Lair:3)
  2 cane toads (Lair:2)
  A yaktaur (Volcano)
  2 minotaur zombies (Gauntlet)
  A kobold demonologist (D:10)
  Maggie (Lair:2)
  A rime drake (Gauntlet)
  4 komodo dragons
  3 tengu conjurers
  An entropy weaver simulacrum (IceCv)
  An ice devil (IceCv)
  2 golden dragon simulacra (IceCv)
  A spectral naga (Snake:3)
  A wind drake (Shoals:3)
  A troll (D:9)
  9 merfolk
  2 polar bears
  4 hornets
  4 snapping turtles
  8 slime creatures
  A spectral black mamba (Snake:3)
  2 dream sheep
  3 shadows
  15 yaks
  6 water elementals
  A large abomination (D:12)
  A dire elephant simulacrum (IceCv)
  2 wraiths
  A human (D:14)
  2 minotaur simulacra (IceCv)
  5 fire bats (Volcano)
  3 steam dragons
  2 basilisks
  2 vampire mosquitoes (D:13)
  A death yak simulacrum (Lair:6)
  5 nagas
  8 wargs
  2 harpy simulacra (IceCv)
  3 water moccasins
  A hydra simulacrum (IceCv)
  16 orc warriors
  A swamp drake (D:15)
  An elephant zombie (Lair:6)
  A black bear (D:8)
  A black mamba simulacrum (Snake:3)
  3 elephant skeletons (Lair:6)
  4 centaurs
  Blork the orc (Orc:2)
  A bullfrog (Lair:4)
  A necrophage (D:8)
  3 deep troll simulacra (IceCv)
  4 scorpions
  5 wights
  A killer bee (D:8)
  A howler monkey (D:10)
  A lava snake (Volcano)
  5 orc priests
  A gnoll shaman (D:9)
  11 orc wizards
  2 small abominations (D:12)
  2 howler monkey zombies (D:8)
  4 gnolls
  15 orcs
  A kobold (D:6)
413 creatures vanquished.

Vanquished Creatures (others)
  2 deep elf master archers (Elf:3)
  A deep elf knight (Elf:3)
  A tengu conjurer (WizLab)
  2 dream sheep (Shoals:2)
  An air elemental (Elf:3)
  53 knights
  A frilled lizard (D:3)
  4 demonic plants (Gauntlet)
  20 foxfires (D:15)
  76 fungi
  149 plants
  25 withered plants
335 creatures vanquished.

Grand Total: 1795 creatures vanquished

Notes
Turn   | Place    | Note
-------+----------+-------------------------------------------
     0 | D:1      | zishaf the Spriggan Hunter began the quest for the Orb.
     0 | D:1      | Reached XP level 1. HP: 10/10 MP: 2/2
   358 | D:1      | Reached skill level 5 in Slings
   358 | D:1      | Reached skill level 3 in Dodging
   389 | D:1      | Reached XP level 2. HP: 11/15 MP: 3/3
  1331 | D:2      | Reached XP level 3. HP: 18/18 MP: 4/4
  1582 | D:2      | Reached XP level 4. HP: 11/23 MP: 5/5
  1855 | D:2      | Reached skill level 4 in Dodging
  1893 | D:2      | Noticed Sigmund
  1929 | D:2      | Killed Sigmund
  1930 | D:2      | Reached skill level 5 in Dodging
  1930 | D:2      | Reached XP level 5. HP: 26/28 MP: 6/6
  2011 | D:3      | Found an ancient bone altar of Kikubaaqudgha.
  2086 | D:3      | Noticed a steam dragon
  2591 | D:3      | Reached XP level 6. HP: 19/32 MP: 7/7
  4364 | D:3      | Found a faded altar of an unknown god.
  4802 | D:4      | Found a staircase to the Ecumenical Temple.
  4856 | Temple   | Entered the Ecumenical Temple
  4907 | Temple   | Became a worshipper of Hepliaklqana the Forgotten
  5030 | D:4      | Found a stormy altar of Qazlal.
  5653 | D:5      | Entered Level 5 of the Dungeon
  5750 | D:5      | Reached skill level 6 in Dodging
  5790 | D:5      | Reached XP level 7. HP: 27/37 MP: 8/8
  6258 | D:5      | Found Cudutt's Antique Weapon Boutique.
  6266 | D:5      | Bought a glowing hunting sling for 90 gold pieces
  6438 | D:6      | Found a sand-covered staircase.
  6451 | Ossuary  | Entered an ossuary
  6489 | Ossuary  | Reached skill level 7 in Dodging
  6833 | D:6      | Reached * piety under Hepliaklqana
  6875 | D:6      | Reached XP level 8. HP: 37/37 MP: 9/9
  6983 | D:6      | Reached skill level 5 in Fighting
  7022 | D:6      | Reached skill level 8 in Dodging
  7191 | D:6      | Found a snail-covered altar of Cheibriados.
  7312 | D:6      | Found a radiant altar of Vehumet.
  7559 | D:6      | Noticed Menkaure
  7564 | D:6      | Killed Menkaure
  7795 | D:3      | Found a faded altar of an unknown god.
  7841 | D:3      | Found an ancient bone altar of Kikubaaqudgha.
  8310 | D:7      | Found Qit Magh's Jewellery Shop.
  8470 | D:7      | Found Imnuzese's Jewellery Shop.
  8560 | D:7      | Found Ijausm's Magic Scroll Shop.
  8563 | D:7      | Reached ** piety under Hepliaklqana
  8564 | D:7      | Remembered your ancestor Wilfreda as a knight
  8636 | D:7      | Reached skill level 1 in Evocations
  8648 | D:7      | Reached skill level 9 in Dodging
  8723 | D:7      | Reached XP level 9. HP: 43/43 MP: 10/10
  8759 | D:7      | Found Saotzea's Distillery.
  9522 | D:8      | Reached skill level 10 in Slings
  9526 | D:8      | Reached skill level 10 in Dodging
  9664 | D:8      | Reached skill level 5 in Evocations
  9911 | D:8      | Reached XP level 10. HP: 47/47 MP: 11/11
 10185 | D:8      | Reached *** piety under Hepliaklqana
 10249 | D:8      | Reached skill level 11 in Dodging
 10518 | D:8      | Found a staircase to the Lair.
 10819 | D:9      | Found a runed translucent gate.
 10819 | D:9      | Found a runed translucent gate.
 10819 | D:9      | Found a runed translucent gate.
 10913 | D:9      | Noticed Joseph
 10924 | D:9      | Killed Joseph
 10966 | D:9      | Found a staircase to the Orcish Mines.
 11587 | D:9      | Found a shimmering blue altar of Sif Muna.
 11703 | D:9      | Noticed PRIMUS's ghost (novice PaFi)
 11703 | D:9      | Noticed snetch's ghost (novice MiBe)
 11719 | D:10     | Entered Level 10 of the Dungeon
 11739 | D:10     | Noticed a sixfirhy
 11740 | D:10     | Noticed a sixfirhy
 12026 | D:9      | Reached skill level 12 in Dodging
 12092 | D:9      | Reached XP level 11. HP: 54/54 MP: 12/12
 12265 | D:10     | Found a hide-covered altar of Uskayaw.
 12276 | D:10     | Found a burning altar of Makhleb.
 12277 | D:10     | Found a shimmering altar of Xom.
 12279 | D:10     | Found an opulent altar of Gozag.
 12282 | D:10     | Found an iron altar of Okawaru.
 12282 | D:10     | Found a glowing silver altar of Zin.
 12283 | D:10     | Found an ornate altar of the Wu Jian Council.
 12475 | D:10     | Reached **** piety under Hepliaklqana
 12676 | D:10     | Reached skill level 1 in Invocations
 12920 | D:10     | Found a basalt altar of Yredelemnul.
 13843 | D:11     | Noticed a two-headed ogre
 13870 | D:11     | Killed a two-headed ogre
 13871 | D:11     | Reached skill level 13 in Dodging
 14090 | D:12     | Noticed a seven-headed hydra
 14111 | D:12     | Killed a seven-headed hydra
 14522 | D:12     | Noticed a wizard
 14528 | D:12     | Killed a wizard
 14536 | D:12     | Noticed a large abomination
 14615 | D:12     | Killed a large abomination
 14616 | D:12     | Reached XP level 12. HP: 59/59 MP: 16/16
 14823 | D:12     | Reached ***** piety under Hepliaklqana
 15308 | D:13     | Reached skill level 5 in Invocations
 15328 | D:13     | Reached skill level 14 in Dodging
 15524 | D:13     | Noticed a boulder beetle
 15536 | D:13     | Noticed a centaur warrior
 15687 | Lair:1   | Entered Level 1 of the Lair of Beasts
 15738 | Lair:1   | Found a transporter.
 15741 | Lair:1   | Noticed Mamabe's ghost (journeyman FoAK)
 15925 | Lair:1   | Found a transporter.
 15938 | Lair:1   | Found a bloodstained altar of Trog.
 16381 | Lair:1   | Gained mutation: You are agile. (Dex +2) [potion of
                  | mutation]
 17234 | Lair:2   | Noticed Maggie
 17249 | Lair:2   | Killed Maggie
 17263 | Lair:2   | Reached skill level 15 in Dodging
 17715 | Lair:3   | Reached skill level 10 in Fighting
 17723 | Lair:3   | Found a staircase to the Snake Pit.
 17743 | Lair:3   | Reached XP level 13. HP: 64/64 MP: 19/19
 17772 | Lair:3   | Found a staircase to the Shoals.
 17792 | Lair:3   | Reached ****** piety under Hepliaklqana
 18969 | Lair:4   | Noticed a minotaur
 18969 | Lair:4   | Noticed Psyclone's ghost (journeyman OpFE)
 19226 | Lair:4   | Reached skill level 15 in Slings
 19346 | Lair:4   | Found a runed translucent gate.
 19347 | Lair:4   | Found a runed translucent gate.
 19348 | Lair:4   | Found a runed translucent gate.
 19691 | Lair:4   | Noticed a quicksilver ooze
 19706 | Lair:4   | Killed a quicksilver ooze
 19779 | Lair:4   | Identified the +9 dagger of Blue Tenacity {vorpal, rPois
                  | Will++ Int-5 SInv}
 19914 | Lair:5   | Found a gate leading to a gauntlet.
 19921 | Gauntlet | Entered a Gauntlet
 19921 | Gauntlet | Found a transporter.
 19927 | Gauntlet | Found a runed translucent door.
 19931 | Gauntlet | Found a transporter.
 19942 | Gauntlet | Found a transporter.
 19945 | Gauntlet | Found a transporter.
 19955 | Gauntlet | Found a transporter.
 19971 | Gauntlet | Found a transporter.
 19983 | Gauntlet | Found a transporter.
 19995 | Gauntlet | Found a transporter.
 20010 | Gauntlet | Found a transporter.
 20025 | Gauntlet | Found a transporter.
 20025 | Gauntlet | Found a transporter.
 20067 | Gauntlet | Found a transporter.
 20082 | Gauntlet | Found a transporter.
 20094 | Gauntlet | Found a transporter.
 20299 | Gauntlet | Identified the +2 pair of gloves "Ezahe" {rElec rPois MP-9
                  | Stlth-}
 20559 | Gauntlet | Reached skill level 16 in Dodging
 20578 | Gauntlet | Identified the amulet "Viriu" {rF+ Regen+ Str-4 Dex+4 SInv}
 20580 | Gauntlet | Identified the +2 cloak of the Solstice {Rampage Dex+2
                  | SInv}
 20629 | Gauntlet | Noticed a minotaur
 20701 | Gauntlet | Killed a minotaur
 20880 | Lair:5   | You fall into a shaft and drop 1 floor!
 20880 | Lair:6   | Entered Level 6 of the Lair of Beasts
 20907 | Lair:6   | Found a dark tunnel.
 20931 | Volcano  | Entered a volcano
 21109 | Volcano  | Noticed a red draconian
 21131 | Volcano  | Killed a red draconian
 21150 | Volcano  | Found a radiant altar of Vehumet.
 21190 | Volcano  | Found a bloodstained altar of Trog.
 21341 | Lair:5   | Found a staircase to the Slime Pits.
 21978 | Lair:5   | Reached XP level 14. HP: 71/71 MP: 18/21
 22075 | Lair:5   | Reached skill level 17 in Dodging
 23622 | Lair:6   | Reached skill level 18 in Dodging
 23998 | Lair:6   | Lost mutation: You are agile. (Dex +2) [a neqoxec]
 24245 | D:9      | Killed PRIMUS's ghost
 24259 | D:9      | Killed snetch's ghost
 25214 | D:14     | Noticed Josephine
 25231 | D:14     | Reached skill level 19 in Dodging
 25234 | D:14     | Killed Josephine
 25315 | D:14     | Found a frozen archway.
 25336 | IceCv    | Entered an ice cave
 25751 | IceCv    | Reached XP level 15. HP: 77/77 MP: 22/22
 26186 | IceCv    | Noticed an Ice Fiend
 26237 | IceCv    | Killed an Ice Fiend
 26310 | IceCv    | Identified the +1 ring mail "Vepni" {rF+ Str+2 Slay+2}
 26568 | D:14     | Reached skill level 20 in Dodging
 26657 | D:14     | Found a gate to the Vaults.
 26909 | D:14     | Noticed Snorg
 26920 | D:14     | Killed Snorg
 27055 | D:14     | Identified Roxanne's Compendium of Earth
 27055 | D:14     | Noticed Roxanne
 27186 | D:14     | Killed Roxanne
 27375 | D:15     | Entered Level 15 of the Dungeon
 27520 | Orc:1    | Entered Level 1 of the Orcish Mines
 27813 | Orc:1    | Found Ofeegh's Assorted Antiques.
 27986 | Orc:2    | Entered Level 2 of the Orcish Mines
 28048 | Orc:2    | Found a staircase to the Elven Halls.
 28192 | Orc:2    | Noticed zeratav's ghost (journeyman TeHu)
 28210 | Orc:2    | Gained mutation: You occasionally shout uncontrollably at
                  | your foes. [a neqoxec]
 28211 | Orc:2    | Gained mutation: You are frail. (-10% HP) [a neqoxec]
 28264 | Orc:2    | Lost mutation: You occasionally shout uncontrollably at
                  | your foes. [potion of mutation]
 28264 | Orc:2    | Lost mutation: You are frail. (-10% HP) [potion of
                  | mutation]
 28264 | Orc:2    | Gained mutation: You are clumsy. (Dex -2) [potion of
                  | mutation]
 28265 | Orc:2    | Lost mutation: You are clumsy. (Dex -2) [potion of
                  | mutation]
 28265 | Orc:2    | Gained mutation: Your magical capacity is low. (-10% MP)
                  | [potion of mutation]
 28352 | Orc:2    | Reached skill level 21 in Dodging
 28371 | Orc:2    | Noticed Blork the orc
 28381 | Orc:2    | Killed Blork the orc
 28388 | Orc:2    | Noticed an orc warlord
 28437 | Orc:2    | Killed an orc warlord
 28768 | Orc:2    | Found a transporter.
 28771 | Orc:2    | Found a transporter.
 28815 | Orc:2    | Found Heyjap's General Store.
 28826 | Orc:2    | Found Ebaruby's Antique Armour Boutique.
 28830 | Orc:2    | Found Ydwowan's Jewellery Boutique.
 29031 | Orc:2    | Found Ufunk's General Store.
 29060 | Orc:2    | Found Jehabb's Antique Weapon Boutique.
 29067 | Orc:2    | Bought a crystal hunting sling for 201 gold pieces
 29067 | Orc:2    | Identified the +11 hunting sling of Dyhesite {freeze,
                  | Str+6} (You bought it in a shop on level 2 of the Orcish
                  | Mines)
 29067 | Orc:2    | Bought a shimmering rapier for 279 gold pieces
 29067 | Orc:2    | Identified the +11 rapier "Nesyih" {flame, rElec rF+} (You
                  | bought it in a shop on level 2 of the Orcish Mines)
 29450 | Orc:2    | Killed zeratav's ghost
 30038 | D:15     | Reached skill level 10 in Evocations
 30060 | D:15     | Reached XP level 16. HP: 83/83 MP: 20/20
 30167 | D:15     | Found a staircase to the Depths.
 30823 | Lair:1   | Killed Mamabe's ghost
 30996 | Lair:4   | Killed Psyclone's ghost
 31284 | D:7      | Bought the amulet of the Four Winds {rN+ Will+++ Clar} for
                  | 614 gold pieces
 31284 | D:7      | Found the amulet of the Four Winds {rN+ Will+++ Clar}
 31361 | D:7      | Bought a potion of mutation for 120 gold pieces
 31361 | D:7      | Bought a potion of mutation for 120 gold pieces
 31361 | D:7      | Bought a potion of mutation for 120 gold pieces
 31361 | D:7      | Bought a potion of mutation for 120 gold pieces
 31361 | D:7      | Lost mutation: Your magical capacity is low. (-10% MP)
                  | [potion of mutation]
 31361 | D:7      | Gained mutation: Your system is resistant to poisons.
                  | (rPois) [potion of mutation]
 31361 | D:7      | Gained mutation: You expend magic power (3 MP) to
                  | strengthen your wands. [potion of mutation]
 31361 | D:7      | Gained mutation: You are clumsy. (Dex -2) [potion of
                  | mutation]
 31361 | D:7      | Gained mutation: You possess an exceptional clarity of
                  | mind. [potion of mutation]
 31470 | Snake:1  | Entered Level 1 of the Snake Pit
 31489 | Snake:1  | Found Naughev's Jewellery Emporium.
 31587 | Snake:1  | Noticed Agnes
 31604 | Snake:1  | Killed Agnes
 31624 | Snake:1  | Noticed Louise
 31654 | Snake:1  | Killed Louise
 31937 | Snake:1  | Reached skill level 22 in Dodging
 32548 | Snake:2  | Reached skill level 15 in Fighting
 33315 | Snake:3  | Found a shimmering altar of Xom.
 33577 | Snake:3  | Noticed Aizul
 33596 | Snake:3  | Killed Aizul
 33750 | Snake:3  | Found a runed translucent gate.
 33750 | Snake:3  | Found a runed translucent gate.
 33750 | Snake:3  | Found a runed translucent gate.
 33751 | Snake:3  | Noticed royokou's ghost (adept DECj)
 34203 | Snake:3  | Killed royokou's ghost
 34213 | Snake:3  | Identified the ring of the Moon {rF+ rC+ Int-3 Dex+6}
 34216 | Snake:3  | Identified the ring of the Transparent Tomato {*Corrode rC+
                  | EV+4 Dex+4}
 34265 | Snake:4  | Entered Level 4 of the Snake Pit
 35016 | Snake:4  | Reached XP level 17. HP: 89/89 MP: 24/24
 35065 | Snake:4  | Reached skill level 23 in Dodging
 35886 | Snake:4  | Reached skill level 1 in Armour
 36374 | Snake:4  | Found a snail-covered altar of Cheibriados.
 36706 | Snake:4  | Identified the +6 scale mail of Esetadgh {+Blink rF+ Will+
                  | Dex+4}
 37121 | Snake:4  | Noticed Vashnia
 37164 | Snake:4  | Killed Vashnia
 37773 | Snake:4  | Got a serpentine rune of Zot
 38027 | Shoals:1 | Entered Level 1 of the Shoals
 38097 | Shoals:1 | Reached skill level 15 in Evocations
 39072 | Shoals:2 | Found Ruts's General Store.
 39083 | Shoals:2 | Reached skill level 24 in Dodging
 39286 | Shoals:2 | Reached XP level 18. HP: 78/94 MP: 25/25
 39516 | Shoals:2 | Noticed Nikola
 39642 | Shoals:2 | Killed Nikola
 39842 | Shoals:3 | Reached skill level 5 in Armour
 40113 | Shoals:3 | Noticed Donald
 40192 | Shoals:3 | Killed Donald
 40206 | Shoals:3 | Upgraded the game from 0.29-a0-409-gd843f3a48c to
                  | 0.29-a0-416-g83a48905f1
 40723 | Shoals:3 | Found a white marble altar of Elyvilon.
 40904 | Shoals:4 | Entered Level 4 of the Shoals
 41249 | Shoals:4 | Identified the +9 hand axe of the Wolf {freeze, Drain rC++}
 41259 | Shoals:4 | Found the +0 staff of Battle
 41609 | Shoals:4 | Identified the +1 helmet of the Arcane {rF+ rCorr Int-2}
 41942 | Shoals:4 | Got a barnacled rune of Zot
 42297 | Elf:1    | Entered Level 1 of the Elven Halls
 42297 | Elf:1    | Found a runed translucent gate.
 42297 | Elf:1    | Found a runed translucent gate.
 42297 | Elf:1    | Found a runed translucent gate.
 42297 | Elf:1    | Found a runed translucent gate.
 42297 | Elf:1    | Found a runed translucent gate.
 42297 | Elf:1    | Found a runed translucent gate.
 42298 | Elf:1    | Found a runed translucent door.
 42316 | Elf:1    | Identified the +1 robe "Ikanail" {*Corrode Str+4}
 42322 | Elf:1    | Found a runed translucent door.
 42510 | Elf:1    | Reached skill level 25 in Dodging
 42705 | Elf:1    | Learned a level 6 spell: Dispersal
 42793 | Elf:1    | Reached skill level 1 in Translocations
 42867 | Elf:1    | Reached skill level 1 in Spellcasting
 43732 | Elf:2    | Reached XP level 19. HP: 100/100 MP: 26/26
 44059 | Elf:2    | Found a radiant altar of Vehumet.
 44075 | Elf:2    | Found Ypycolap's Antique Weapon Emporium.
 44111 | Elf:2    | Found Kybieluh's Jewellery Shoppe.
 44141 | Elf:2    | Identified the +11 scythe "Reuplaes" {venom, Will+ rCorr
                  | Int+4}
 44355 | Elf:2    | Found a portal to a secret trove of treasure.
 44406 | Elf:2    | Found a large runed translucent door.
 44406 | Elf:2    | Found a large runed translucent door.
 44437 | Elf:2    | Reached skill level 5 in Translocations
 44441 | Elf:2    | Found a large runed translucent door.
 44441 | Elf:2    | Found a large runed translucent door.
 45139 | Elf:2    | Bought the ring "Urpharaiw" {rF+ EV+4 Stlth+} for 792 gold
                  | pieces
 45163 | Elf:3    | Entered Level 3 of the Elven Halls
 46513 | Elf:3    | Found a runed translucent gate.
 46513 | Elf:3    | Found a runed translucent gate.
 46611 | Elf:3    | Identified the ring of Jeruntarph {rCorr Int+3}
 47006 | Elf:3    | Identified the +3 lajatang of Xom's Regard {vorpal, Str+4
                  | Dex+2}
 47013 | Elf:3    | Reached skill level 26 in Dodging
 47048 | Elf:3    | Identified the ring of Erroade {Fly rC+ Int+7}
 47499 | Elf:3    | Identified the ring "Cuirur" {rElec rPois rN+ Will+}
 47842 | Elf:3    | Reached XP level 20. HP: 69/107 MP: 27/27
 47844 | Elf:3    | Identified the +3 morningstar "Kuympas" {drain, rPois Int+6
                  | Dex+2 Stlth-}
 48006 | Elf:3    | Identified a scroll of acquirement
 48010 | Elf:3    | Acquired the +1 hat of Wicked Tender Moments {Will+}
 48053 | Elf:3    | Identified the -1 cloak of Mikuuc {Contam Rampage Str+2
                  | Stlth+}
 48077 | Elf:3    | Got the Catalogue of the Voyage and Lightness
 48088 | Elf:3    | Identified the +6 longbow "Guet" {flame, rN++ Will-}
 48142 | Elf:3    | Learned a level 4 spell: Passage of Golubria
 48267 | Elf:3    | Found a runed translucent gate.
 48912 | Depths:1 | Entered Level 1 of the Depths
 48929 | Depths:1 | Reached skill level 10 in Translocations
 49057 | Depths:1 | Found a gateway to Hell.
 49062 | Depths:1 | Found a one-way gate leading to the halls of Pandemonium.
 49091 | Depths:1 | Found a magical portal.
 49277 | WizLab   | Entered Yara's Duelist Academy
 49873 | WizLab   | Noticed Zeshush
 49892 | WizLab   | Killed Zeshush the Head Instructor
 51172 | Depths:2 | You fall into a shaft and drop 2 floors!
 51172 | Depths:4 | Entered Level 4 of the Depths
 51172 | Depths:4 | Found an ornate altar of the Wu Jian Council.
 51192 | Depths:4 | Noticed a juggernaut
 51345 | Depths:4 | Reached skill level 27 in Dodging
 52196 | Elf:2    | You paid a toll of +4 fire dragon scales to enter a
                  | treasure trove
 52197 | Trove    | Entered a treasure trove
 52202 | Trove    | Found the +2 hood of the Assassin {Detection Stab+ Stlth++}
 52211 | Trove    | Identified the ring of Lalius {+Blink EV+4}
 52217 | Trove    | Identified the +6 scimitar of Slow Death {pain, rN+ Will+
                  | Str-5 Int+2}
 52672 | Depths:2 | Identified the ring "Tumuexze" {Will+ Dex+4 Slay+2}
 52749 | Depths:2 | Reached XP level 21. HP: 85/112 MP: 28/28
 52811 | Depths:2 | Noticed a juggernaut
 52824 | Depths:2 | Killed a juggernaut
 52865 | Depths:2 | Found a one-way gateway to a ziggurat.
 52918 | Depths:2 | Reached skill level 15 in Translocations
 53367 | Depths:2 | Noticed a juggernaut
 53401 | Depths:2 | Killed a juggernaut
 54437 | Depths:3 | Found a one-way gate to the infinite horrors of the Abyss.
 54513 | Depths:3 | Reached skill level 5 in Spellcasting
 54753 | Depths:3 | Killed from afar by a living spell

Illustrated notes

Levels and vault maps discovered:
D:1:      dpeg_arrival_simpleton_c, layout_loops_corners, minmay_pentomino_v2
D:2:      layout_rooms, roderic_cross_of_infinity, minmay_quantized,
          uniq_sigmund
D:3:      layout_loops_corners, mainiacjoe_overflow_cross_hatched,
          chequers_ecumenical_altar_grove, lemuel_flame_loot_1
D:4:      layout_cave_pods, nicolae_qazlal_eye_of_the_storm,
          minmay_temple_entry_stoned_glass
D:5:      layout_loops_ring, serial_shops, shop
D:6:      layout_loops_cross, mainiacjoe_overflow_boulevard, vehumet_statue,
          enter_ossuary_1, uniq_menkaure
D:7:      layout_basic, serial_shops, shop_scrolls, shop,
          nicolae_shop_advertising_works [nicolae_subvault_shop_adworks],
          kennysheep_mini_moat, minmay_holes
D:8:      layout_basic, due_lair_maze_entry_diamond, serial_undead,
          serial_undead_b, serial_undead_e, serial_undead_a, serial_undead_a,
          serial_undead_d
D:9:      layout_loops_cross, lemuel_blue_sif_altar, hiddenorc1_lemuel,
          gammafunk_ghost_cemetery, uniq_joseph
D:10:     layout_irregular_city, grunt_temple_overflow_open,
          yredelemnul_forgotten_temple_becter
D:11:     layout_basic
D:12:     layout_irregular_city, kennysheep_small_spiral, laboratory
D:13:     layout_basic
D:14:     layout_roguey, ximxim_vaults_locker_room,
          portal_ice_cave_entry_horrid_things, kennysheep_doodads,
          grunt_decor_arrowhead, chequers_mini_garden, kennysheep_small_square,
          uniq_josephine, uniq_roxanne, uniq_snorg
D:15:     grunt_enter_depths_snipers, layout_stronghold, serial_park_square1
          [serial_park_minivault_5x5_2], pond
Temple:   compressed_dpeg_triangle_lava_temple
Lair:1:   layout_hall_layers, gammafunk_ghost_wrathful_warriors
Lair:2:   layout_regular_city, uniq_maggie
Lair:3:   layout_cave_pods, elwin_shoals_entry_rocks,
          guppyfry_snake_entry_island, chequers_serial_rivers_micro_e,
          grunt_megastairs_3
Lair:4:   layout_cave_pods, maelrawn_ghost_gauntlet_escape,
          chequers_serial_rivers_large_b, nicolae_lair_time_for_slime,
          infiniplex_staircase_pool
Lair:5:   layout_roguey, slime_dummy, gauntlet_entry_generic
Lair:6:   due_jungle_book, layout_small_grid, nicolae_volcano_entry_vermiform
Shoals:1: layout_shoals
Shoals:2: layout_shoals, serial_shops, nicolae_shop_statue_plus, uniq_nikola
Shoals:3: layout_shoals, lemuel_oklob_altar, uniq_donald
Shoals:4: shoals_end_simple, layout_shoals, nicolae_shoals_seven_spires
Snake:1:  layout_misc_corridors, serial_shops, shop, grunt_megastairs_2,
          uniq_agnes, uniq_louise
Snake:2:  layout_basic, st_stairs_13
Snake:3:  layout_cave_town, gammafunk_ghost_necromancy, basic_altar, uniq_aizul
Snake:4:  grunt_snake_rune_serpentine_throne, layout_cave_town, basic_altar
Orc:1:    layout_caves, serial_shops, shop, kennysheep_orc_chapel
Orc:2:    grunt_orc_cross, layout_caves, gammafunk_ghost_arena, serial_shops,
          shop
Elf:1:    nicolae_elf_arrival_dilemma, layout_loops_corners,
          hangedman_elven_crosses_minicolossus
Elf:2:    elven_hall_of_blades_hangedman_alternative
          [nicolae_blade_entry_splitting_headache], layout_loops_cross,
          basic_altar, enter_trove_6, serial_shops, nicolae_shop_behind_doors,
          shop
Elf:3:    minmay_elf_hall_not_hex, layout_geoelf_diagonals,
          nicolae_elf_hall_of_bonks
Depths:1: layout_twisted_cross, serial_bayou_pond_c, pf_coc_iceberg,
          infiniplex_enter_wizlab_water, rand_demon_pan_entry_3, minivault_22,
          hangedman_decor_opposing, minmay_fractal_squares_diagonal_5
Depths:2: nicolae_legendary_halls, layout_long_grid, enter_ziggurat_a,
          hellmouth_1, pan_entry, corexii_leaking_fountain,
          infiniplex_staircase_split_hallway, serial_bayou_shore_a,
          firewood_loft
Depths:3: evilmike_wizard_prison, layout_gridlike, grunt_hell_horde,
          hangedman_decor_riveting, abyss_entry, minmay_shattered_shrine
Depths:4: lemuel_castle_with_subvaults [lemuel_castle_interior_original],
          layout_basic, nicolae_wu_jian_wuxing_cycle, pan_entry, serial_shops,
          nicolae_shop_temple_entry_statues_fountains,
          nicolae_abyss_entry_one_way_or_another, hell_entry,
          roderic_three_in_a_row, st_stairs_11

Skill      XL: |  1  2  3  4  5  6  7  8  9 10 11 12 13 14 15 16 17 18 19 20 21 |
---------------+----------------------------------------------------------------+-----
Slings         | 5 6 7 8 9 10 11 13 14 15 16 17 18 | 18.0
Dodging        | 3 5 6 7 9 10 12 13 15 16 19 21 22 24 25 26 27 | 27.0
Fighting       | 2 3 4 5 6 7 9 10 11 13 14 15 16 17 18 19 | 19.3
Evocations     | 2 5 8 9 10 13 15 | 15.3
Invocations    | 4 6 8 |  8.0
Armour         | 4 7 |  7.3
Translocations | 3 9 14 16 | 16.3
Spellcasting   | 2 4 5 |  5.2
Stealth        | |  1.5
Shields        | |  0.4

Action                   |  1- 3 |  4- 6 |  7- 9 | 10-12 | 13-15 | 16-18 | 19-21 || total
-------------------------+-------+-------+-------+-------+-------+-------+-------++-------
Melee: Dagger            |       |       |       |       |     9 |       |       ||     9
       Hunting sling     |       |       |       |       |     2 |     1 |       ||     3
       Rapier            |       |       |       |       |       |     8 |       ||     8
 Fire: Hunting sling     |   107 |   191 |   323 |   884 |  1848 |  1523 |    23 ||  4899
       Fustibalus        |       |       |       |       |       |   172 |  1222 ||  1394
Throw: Throwing net      |       |       |       |       |       |     1 |       ||     1
Invok: Recall Ancestor   |       |       |     1 |     7 |    21 |     8 |     8 ||    45
       Ancestor Life: Kn |       |       |     1 |       |       |       |       ||     1
       Transference      |       |       |       |       |       |     6 |     3 ||     9
       Idealise          |       |       |       |       |       |     3 |     4 ||     7
Evoke: Tin of tremorston |       |       |       |       |     6 |     6 |       ||    12
       Wand              |       |       |       |       |    24 |     6 |     2 ||    32
       Box of beasts     |       |       |       |       |     3 |     1 |     2 ||     6
       Condenser vane    |       |       |       |       |     2 |     3 |     3 ||     8
       Lightning rod     |       |       |       |       |       |       |    11 ||    11
       Phantom mirror    |       |       |       |       |       |       |     1 ||     1
  Use: Scroll            |       |    11 |     7 |     8 |     6 |    17 |     9 ||    58
       Potion            |       |       |       |     1 |     4 |     2 |     4 ||    11
 Stab: Invisible         |       |       |       |       |     3 |       |       ||     3
Armor: Robe              |     5 |     6 |     5 |       |     7 |       |       ||    23
       Steam dragon scal |       |       |       |    14 |    11 |    25 |     3 ||    53
Dodge: Dodged            |    33 |    38 |    50 |   131 |   342 |   532 |   217 ||  1343
Block: Buckler           |       |       |       |       |       |       |     2 ||     2

Table legend: (Time is in decaauts)
 A = Elapsed time spent in this place.
 B = Non-inter-level travel time spent in this place.
 C = Inter-level travel time spent in this place.
 D = Time resting spent in this place.
 E = Time spent auto-exploring this place.
 F = Levels seen in this place.
 G = Mean time per level.
                   A        B        C        D        E       F      G
               +--------+--------+--------+--------+--------+-----+--------+
         Total |  48537 |  44404 |   4133 |   8677 |  23875 |  45 | 1078.6 |
       Dungeon |  17161 |  15008 |   2153 |   2039 |   9498 |  15 | 1144.1 |
        Temple |     42 |     38 |      4 |      0 |     22 |   1 |   42.0 |
          Lair |   7292 |   6608 |    684 |    525 |   4489 |   6 | 1215.3 |
        Shoals |   3833 |   3637 |    196 |    588 |   2147 |   4 |  958.2 |
     Snake Pit |   5998 |   5780 |    218 |   2044 |   2562 |   4 | 1499.5 |
  Orcish Mines |   1868 |   1602 |    266 |    184 |    913 |   2 |  934.0 |
   Elven Halls |   5743 |   5206 |    537 |   1295 |   2291 |   3 | 1914.3 |
        Depths |   3648 |   3575 |     73 |   1011 |   1568 |   4 |  912.0 |
         Trove |     32 |     32 |      0 |      0 |      0 |   1 |   32.0 |
       Ossuary |    325 |    325 |      0 |    132 |     43 |   1 |  325.0 |
      Ice Cave |    890 |    890 |      0 |    227 |    139 |   1 |  890.0 |
       Volcano |    186 |    186 |      0 |      0 |      1 |   1 |  186.0 |
        Wizlab |    725 |    725 |      0 |    338 |     48 |   1 |  725.0 |
      Gauntlet |    787 |    787 |      0 |    292 |    149 |   1 |  787.0 |
               +--------+--------+--------+--------+--------+-----+--------+

Top non-repeatable levels by time:
   Elf:3: 2407 daAuts
 Snake:3: 2332 daAuts
 Snake:4: 1928 daAuts
   Elf:2: 1919 daAuts
     D:3: 1864 daAuts
  Lair:6: 1792 daAuts
     D:9: 1772 daAuts
Depths:1: 1450 daAuts
Depths:2: 1447 daAuts
  Lair:4: 1417 daAuts
   Elf:1: 1416 daAuts
     D:8: 1392 daAuts
     D:2: 1388 daAuts
    D:12: 1370 daAuts
     D:7: 1330 daAuts
